 Dungeon Crawl Stone Soup version 0.25-a0-435-g4b9beb1024 (webtiles) character file.

Game seed: 17579416225977406508, levelgen mode: deterministic

843 Nattfarinn the Caller (level 8, -1/62 HPs)
             Began as a Barachi Summoner on Jan 27, 2020.
             Slain by a troll (6 damage)
             ... on level 5 of the Dungeon.
             The game lasted 00:16:18 (6079 turns).

Nattfarinn the Caller (Barachi Summoner)            Turns: 6079, Time: 00:16:18

Health: -1/62      AC: 10    Str:  9      XL:     8   Next: 0%
Magic:  3/13       EV: 12    Int: 18      God:
Gold:   174        SH:  0    Dex: 10 (13) Spells: 4/14 levels left

rFire    . . .     SeeInvis .   p - +2 rapier (speed)
rCold    . . .     Gourm    +   (no shield)
rNeg     . . .     Faith    .   e - +3 leather armour {MR+}
rPois    .         Spirit   .   (no helmet)
rElec    .         Reflect  .   (no cloak)
rCorr    .         Harm     .   w - +1 pair of gloves
MR       +....                  u - +0 pair of boots
Stlth    +.........             t - amulet of the gourmand
HPRegen  0.20/turn              y - ring of wizardry
MPRegen  0.13/turn              (no ring)

@: slow
A: +LOS, swims, slowness 1, strong legs 1
a: Hop


You were on level 5 of the Dungeon.
You were very full.

You visited 1 branch of the dungeon, and saw 5 of its levels.
You also visited: Sewer.

You collected 174 gold pieces.

Inventory:

Hand Weapons
 d - a +0 short sword
 p - a +2 rapier of speed (weapon)
Armour
 a - a +0 robe
 e - a +3 leather armour of magic resistance (worn)
 i - a +0 buckler
 o - a +0 leather armour
 u - a +0 pair of boots (worn)
 w - a +1 pair of gloves (worn)
Jewellery
 t - an amulet of the gourmand (around neck)
 y - a ring of wizardry (left hand)
Scrolls
 b - a scroll of fog {unknown}
 h - 2 scrolls of teleportation {unknown}
 l - a scroll of immolation {unknown}
 m - 3 scrolls of amnesia
 n - 3 scrolls of blinking {unknown}
 s - 3 scrolls of remove curse
 v - 2 scrolls of magic mapping {unknown}
Potions
 f - a potion of brilliance {unknown}
 g - 2 potions of invisibility
 j - 3 potions of flight
 k - a potion of heal wounds
 q - a potion of curing
 x - a potion of lignification {unknown}
 z - 2 potions of haste {unknown}
 A - 3 potions of ambrosia {unknown}
 B - a potion of degeneration {unknown}
 C - a potion of magic
Comestibles
 c - 4 rations


   Skills:
 * Level 5.1 Fighting
 * Level 4.9 Armour
 + Level 3.8 Dodging
 - Level 1.7 Stealth
 + Level 3.5 Spellcasting
 * Level 7.2 Summonings


You had 4 spell levels left.
You knew the following spells:

 Your Spells              Type           Power        Failure   Level  Hunger
a - Summon Small Mammal   Summ           ####         1%          1    None
b - Call Imp              Summ           ####....     1%          2    ##.....
c - Call Canine Familiar  Summ           ####....     1%          3    ###....
d - Summon Lightning Spi  Summ/Air       ###.....     17%         4    ####...

Your spell library contained the following spells:

 Spells                   Type           Power        Failure   Level  Hunger
 Summon Guardian Golem    Hex/Summ       ###.....     6%          3    ###....
 Summon Ice Beast         Ice/Summ       ###.....     17%         4    ####...


Dungeon Overview and Level Annotations

Branches:
Dungeon (5/15)              Sewer (visited)
 Temple: D:4-7

Altars:
Dithmenos
Xom
The Shining One

Annotations:
D:3 3 runed translucent doors, loom's ghost, amateur MiFi


Innate Abilities, Weirdness & Mutations

You can be seen from farther away. (+LOS)
You can swim through water.
You cover ground slowly.
You can hop short distances.


Message History

Unknown command.
You hit the troll.
The troll is almost dead.
Your hound barely misses the troll.
The worker ant zombie closely misses your hound.
Unknown command.
You closely miss the troll.
The troll is almost dead.
Your hound barely misses the troll.
The troll bites you!
* * * LOW HITPOINT WARNING * * *
The troll claws you!
* * * LOW HITPOINT WARNING * * *
The troll claws you.
* * * LOW HITPOINT WARNING * * *
The worker ant zombie bites your hound.
You hit the troll but do no damage.
The troll is almost dead.
Your hound bites the worker ant zombie.
The troll closely misses you. The troll claws you.
You die...

#..###
##......(...
#...#
#.........(# #.#
#####......###.(
#.###.........##
###
#o.##.###<....#
# . ##Z##.#
#....## #
....####h##.#
#....#
#......T..#
#....#
####...@..#
#....#
#.......<##
######
#.######## #


You could see a troll, an orc priest, a worker ant zombie and a friendly hound.

Vanquished Creatures
  A centaur (D:5)
  A scorpion (D:4)
  A howler monkey (D:4)
  2 bullfrog zombies (D:5)
  A worker ant (D:4)
  2 adders
  An adder skeleton (D:4)
  A worm (D:5)
  2 dart slugs
  5 leopard geckos
  11 orcs
  4 giant cockroaches
  6 goblins
  2 hobgoblins
  6 jackals
  5 kobolds
  2 quokkas
  3 ball pythons
  6 bats
  9 frilled lizards
  A leopard gecko zombie (D:5)
  A quokka skeleton (D:5)
  6 rats
  2 plants (Sewer)
81 creatures vanquished.

Vanquished Creatures (collateral kills)
  Grinder (D:4)
  Sigmund (D:3)
  Eustachio (D:4)
  An ogre (D:5)
  A phantom (D:4)
  A bullfrog (D:4)
  A hound (D:4)
  3 worker ants (D:4)
  A hound zombie (D:5)
  3 adders
  A shadow imp (D:5)
  An ooze (D:1)
  A worm (D:2)
  A dart slug (D:5)
  A leopard gecko (D:5)
  4 orcs
  A ball python (D:4)
  A bat (D:1)
  2 giant cockroaches
  3 hobgoblins (D:1)
  8 jackals
  A kobold (D:1)
  3 frilled lizards
42 creatures vanquished.

Grand Total: 123 creatures vanquished

Notes
Turn   | Place    | Note
-------+----------+-------------------------------------------
     0 | D:1      | Nattfarinn the Barachi Summoner began the quest for the
                  | Orb.
     0 | D:1      | Reached XP level 1. HP: 13/13 MP: 3/3
   647 | D:1      | Reached XP level 2. HP: 17/20 MP: 5/5
   664 | D:1      | Reached skill level 5 in Summonings
   680 | D:1      | Reached skill level 1 in Fighting
   844 | D:1      | Reached skill level 1 in Armour
  1158 | D:1      | Learned a level 2 spell: Call Imp
  1355 | D:1      | Reached XP level 3. HP: 20/26 MP: 6/6
  1429 | D:2      | Found a glowing golden altar of the Shining One.
  1460 | D:2      | Found a shadowy altar of Dithmenos.
  2081 | D:3      | Noticed Sigmund
  2101 | D:3      | Learned a level 3 spell: Call Canine Familiar
  2123 | D:3      | Killed Sigmund
  2123 | D:3      | Reached XP level 4. HP: 34/34 MP: 1/7
  2123 | D:3      | Reached XP level 5. HP: 39/39 MP: 1/8
  2734 | D:3      | Noticed loom's ghost (amateur MiFi)
  2735 | D:3      | Found a runed translucent gate.
  2735 | D:3      | Found a runed translucent gate.
  2735 | D:3      | Found a runed translucent gate.
  3294 | D:4      | Reached skill level 6 in Summonings
  3450 | D:4      | Reached XP level 6. HP: 20/47 MP: 3/10
  3452 | D:4      | Noticed Eustachio
  3645 | D:3      | Learned a level 4 spell: Summon Lightning Spire
  3688 | D:4      | HP: 2/47 [quokka[Eustachio] (2)]
  3942 | D:4      | Killed Eustachio
  4148 | D:4      | Noticed a phantom
  4151 | D:4      | Noticed Grinder
  4183 | D:4      | Killed a phantom
  4187 | D:4      | Killed Grinder
  4187 | D:4      | Reached XP level 7. HP: 52/55 MP: 2/11
  4586 | D:5      | Entered Level 5 of the Dungeon
  4789 | D:5      | Reached skill level 7 in Summonings
  4873 | D:5      | Found a shimmering altar of Xom.
  4931 | D:5      | Found a glowing drain.
  4959 | Sewer    | Entered a sewer
  5688 | D:5      | Reached skill level 5 in Fighting
  5932 | D:5      | Reached XP level 8. HP: 52/62 MP: 13/13
  6062 | D:5      | Noticed a troll
  6079 | D:5      | Slain by a troll

Levels and vault maps discovered:
D:1:      nzn_arrival_depleted_hourglass, layout_rooms
D:2:      layout_basic, tso_metal_star, nicolae_dithmenos_shadow_blocks
D:3:      layout_loops_corners, ebering_ghost_rock_garden, uniq_sigmund
D:4:      layout_rooms, dk_noncrumbling_3, grunt_ministairs_2, uniq_grinder,
          uniq_eustachio
D:5:      layout_rooms, nicolae_overflow_crystal_walls, kennysheep_mini_moat,
          first_ration, gup_sewer_entry_pipe

Skill      XL: |  1  2  3  4  5  6  7 |
---------------+----------------------+-----
Summonings     | 5 6 7 |  7.2
Fighting       | 1 2 3 4 5 |  5.1
Armour         | 1 2 3 4 |  4.9
Dodging        | 3 |  3.8
Spellcasting   | 3 |  3.5
Stealth        | |  1.7

Action                   |  1- 3 |  4- 6 |  7- 9 || total
-------------------------+-------+-------+-------++-------
Melee: Unarmed           |    25 |       |       ||    25
       Short sword       |    61 |       |       ||    61
       Rapier            |    20 |   104 |   209 ||   333
 Cast: Summon Small Mamm |    11 |       |       ||    11
       Call Imp          |    12 |    10 |     3 ||    25
       Call Canine Famil |     1 |    13 |     7 ||    21
       Summon Lightning  |       |     2 |     7 ||     9
  Use: Potion            |     1 |     7 |       ||     8
       Scroll            |       |       |     9 ||     9
 Stab: Distracted        |     1 |       |     1 ||     2
       Sleeping          |     3 |     1 |     1 ||     5
  Eat: Chunk             |     5 |    16 |    11 ||    32
       Ration            |       |     1 |       ||     1
Armor: Robe              |    21 |       |       ||    21
       Leather armour    |     2 |    64 |    29 ||    95
Dodge: Dodged            |    78 |   124 |    81 ||   283

Table legend:
 A = Non-vault XP
 B = Vault XP
 C = Vault XP percentage of total XP
 D = Non-vault monster count
 E = Vault monster count
 F = Vault count percentage of total count
                 A         B        C        D         E       F
            +---------+---------+-------+---------+---------+-------
      Total |     718 |     487 |  40.4 |      97 |      24 |  19.8
            +---------+---------+-------+---------+---------+-------
        D:1 |      35 |       0 |   0.0 |      24 |       0 |   0.0
        D:2 |      19 |       0 |   0.0 |      12 |       0 |   0.0
        D:3 |      62 |     112 |  64.4 |      24 |       1 |   4.0
        D:4 |     275 |     338 |  55.1 |      16 |       3 |  15.8
        D:5 |     327 |      10 |   3.0 |      21 |       4 |  16.0
      Sewer |       0 |      27 | 100.0 |       0 |      16 | 100.0
            +---------+---------+-------+---------+---------+-------
